 Dungeon Crawl Stone Soup version 0.30-a0-585-g93115170b9 (webtiles) character file.

Game seed: 8706204399830315737

1725 mhtbhm the Chopper (level 9, -3/54 HPs)
             Began as a Gargoyle Fighter on Jan 2, 2023.
             Killed from afar by a white imp (11 damage)
             ... with a puff of frost
             ... on level 7 of the Dungeon.
             The game lasted 00:06:02 (6007 turns).

mhtbhm the Chopper (Gargoyle Fighter)               Turns: 6007, Time: 00:06:02

Health: -3/54      AC: 15    Str: 24    XL:     9   Next: 4%
Magic:  9/9        EV: 10    Int:  9    God:
Gold:   551        SH:  5    Dex: 15    Spells: 8/8 levels left

rFire   . . .      SeeInvis .    a - +0 war axe
rCold   . . .      Faith    .    c - +0 buckler
rNeg    + . .      Spirit   .    b - +0 scale mail
rPois   ∞          Reflect  .    (no helmet)
rElec   +          Harm     .    u - +0 cloak
rCorr   .          Rampage  .    (no gloves)
Will    .....                    (no boots)
Stlth   +                        (no amulet)
HPRegen 0.29/turn                r - +6 ring of dexterity
MPRegen 0.11/turn                (no ring)

@: no status effects
A: sickness immunity, AC +6, negative energy resistance 1, electricity
resistance, torment resistance 1, petrification resistance
a: no special abilities


You were on level 7 of the Dungeon.
You visited 1 branch of the dungeon, and saw 7 of its levels.
You also visited: Sewer.

You collected 551 gold pieces.

Inventory:

Hand Weapons
 a - a +0 war axe (weapon)
Armour
 b - a +0 scale mail (worn)
 c - a +0 buckler (worn)
 u - a +0 cloak (worn)
Jewellery
 r - a +6 ring of dexterity (left hand)
Wands
 v - a wand of acid (14)
Scrolls
 g - a scroll of torment
 i - a scroll of enchant weapon
 k - 3 scrolls of immolation
 l - a scroll of noise
 n - 2 scrolls of magic mapping
 o - 2 scrolls of silence
 q - a scroll of amnesia
 y - a scroll of vulnerability {unknown}
 A - 2 scrolls of teleportation {unknown}
Potions
 d - 3 potions of might
 e - a potion of resistance {unknown}
 f - 3 potions of ambrosia {unknown}
 h - a potion of haste
 j - 2 potions of mutation {unknown}
 m - 2 potions of degeneration {unknown}
 p - 2 potions of flight {unknown}
 s - 2 potions of heal wounds {unknown}
 t - 2 potions of berserk rage {unknown}
 w - 2 potions of brilliance {unknown}
 z - 2 potions of curing {unknown}
 B - a potion of lignification {unknown}
Miscellaneous
 x - a condenser vane


   Skills:
 + Level 5.2 Fighting
 + Level 7.5 Axes
 + Level 6.3 Armour
 + Level 2.0 Dodging
 + Level 1.6 Stealth
 + Level 5.2 Shields


You had 8 spell levels left.
You didn't know any spells.
Your spell library contained the following spells:

 Spells                   Type           Power      Damage    Failure   Level
 Wereblood                Tmut           0%         N/A       87%         2
 Hailstorm                Conj/Ice       0%         3d3       98%         3
 Ice Form                 Ice/Tmut       0%         N/A       100%        4
 Simulacrum               Ice/Necr       0%         N/A       100%        6
 Summon Hydra             Summ           0%         N/A       100%        7
 Sublimation of Blood     Necr           Unusable   N/A       N/A         2

Dungeon Overview and Level Annotations

Branches:
Dungeon (7/15)              Sewer (visited)
 Temple: D:4-7

Altars:
Ashenzari
Elyvilon
Hepliaklqana
Ru
Wu Jian
Xom


Innate Abilities, Weirdness & Mutations

You are immune to sickness and miasma.
Your stone body is resilient. (AC +6)
You are immune to poison.
You resist negative energy. (rN+)
You are resistant to electric shocks. (rElec)
You are resistant to unholy torment.
You are immune to petrification.


Message History

You hit the white imp.
The white imp hits you but does no damage.
The lemure hits you but does no damage. Pikel closely misses you.
The lemure hits you.
You closely miss Pikel.
Pikel is almost dead.
You closely miss the lemure. You slash the lemure!
You kill the lemure!
That felt strangely unrewarding.
You completely miss the white imp. The lemure hits you but does no damage.
Pikel hits you but does no damage. The white imp gestures at you.
The puff of frost hits you!
You miss Pikel.
Pikel is almost dead.
You hit the white imp. You closely miss the lemure.
You block the lemure's attack. Pikel barely misses you.
The white imp closely misses you.
You hit Pikel.
Pikel is almost dead.
You barely miss the white imp. You hit the lemure.
The lemure closely misses you.
Pikel hits you with a +2 whip of flaming.
* * * LOW HITPOINT WARNING * * *
Pikel burns you.
* * * LOW HITPOINT WARNING * * *
The white imp hits you but does no damage.
Pikel hits you with a +2 whip of flaming.
* * * LOW HITPOINT WARNING * * *
Pikel burns you.
* * * LOW HITPOINT WARNING * * *
You block the lemure's attack.
The white imp hits you but does no damage.
You hit Pikel.
You kill Pikel!
You hit the white imp. You slash the lemure!
With Pikel's spell broken, his former minion thanks you for its freedom.
The lemure departs this earthly plane.
The white imp gestures at you. The puff of frost hits you!
You die...

...#... .......
....... ..... ......
...... #.... #......
##....###....... ..
#.....#.##..........
#....)@.....## .....
..>...5§......##....#
...........(.......#
..##...............#
...##.............#
#..###..........##
......>.#......##
#.....##.....##
#....)#......#


You could see a white imp.

Vanquished Creatures
  Pikel (D:7)
  A hornet (D:5)
  Menkaure (D:6)
  Pargi (Sewer)
  A sky beast (D:7)
  2 black bears
  A centaur (D:5)
  An ogre (D:6)
  3 lemures (D:7)
  Blork the orc (D:5)
  A bullfrog (D:5)
  2 necrophages
  3 jellies
  5 hounds
  A gnoll bouda (D:5)
  An orc priest (D:5)
  An iguana (D:6)
  2 orc wizards (D:5)
  7 gnolls
  6 adders
  A shadow imp (D:6)
  2 white imps
  4 worms
  2 dart slugs (D:1)
  9 orcs
  7 endoplasms
  6 giant cockroaches
  7 hobgoblins
  4 jackals (D:1)
  7 kobolds
  4 quokkas
  6 ball pythons
  11 bats
  A frilled lizard (D:1)
  5 goblins
  A rat (D:1)
  A bush (D:5)
120 creatures vanquished.

Vanquished Creatures (others)
  3 plants
3 creatures vanquished.

Grand Total: 123 creatures vanquished

Notes
Turn   | Place    | Note
-------+----------+-------------------------------------------
     0 | D:1      | mhtbhm the Gargoyle Fighter began the quest for the Orb.
     0 | D:1      | Reached XP level 1. HP: 14/14 MP: 1/1
   161 | D:1      | Reached XP level 2. HP: 15/19 MP: 2/2
   174 | D:1      | Reached skill level 2 in Axes
   413 | D:1      | Reached XP level 3. HP: 23/23 MP: 3/3
   984 | D:2      | Identified the +3 short sword "Tonti" {heavy, Stlth+}
  1101 | D:2      | Reached XP level 4. HP: 25/29 MP: 4/4
  1353 | D:2      | Reached skill level 3 in Axes
  1766 | D:3      | Found a white marble altar of Elyvilon.
  2319 | D:4      | Reached XP level 5. HP: 28/33 MP: 5/5
  2561 | D:4      | Found a sacrificial altar of Ru.
  2809 | D:4      | Reached skill level 4 in Axes
  2809 | D:4      | Reached XP level 6. HP: 38/38 MP: 6/6
  2885 | D:4      | You fall into a shaft and drop 2 floors!
  2933 | D:6      | Found an ornate altar of the Wu Jian Council.
  2956 | D:6      | Noticed a black bear
  2965 | D:6      | Killed a black bear
  2966 | D:6      | Reached skill level 1 in Dodging
  2966 | D:6      | Reached skill level 1 in Stealth
  2975 | D:6      | Found a glowing drain.
  2979 | D:6      | Noticed Menkaure
  2989 | D:6      | Reached XP level 7. HP: 25/43 MP: 7/7
  2998 | D:6      | Killed Menkaure
  2999 | D:6      | Reached skill level 5 in Axes
  3129 | Sewer    | Entered a sewer
  3155 | Sewer    | Noticed Pargi
  3173 | Sewer    | Killed Pargi
  4148 | D:5      | Entered Level 5 of the Dungeon
  4233 | D:5      | Noticed a hornet
  4246 | D:5      | Killed a hornet
  4247 | D:5      | Reached skill level 6 in Axes
  4247 | D:5      | Reached skill level 5 in Armour
  4247 | D:5      | Reached XP level 8. HP: 20/48 MP: 8/8
  4546 | D:5      | Reached skill level 5 in Shields
  4552 | D:5      | Reached skill level 5 in Fighting
  4792 | D:5      | Noticed Blork the orc
  4800 | D:5      | Killed Blork the orc
  4801 | D:5      | Reached skill level 7 in Axes
  4880 | D:5      | Found a hazy altar of Hepliaklqana.
  4903 | D:5      | Found a broken altar of Ashenzari.
  4960 | D:5      | Found a shimmering altar of Xom.
  5929 | D:7      | Reached XP level 9. HP: 41/54 MP: 9/9
  5985 | D:7      | Noticed Pikel
  6007 | D:7      | Killed Pikel
  6007 | D:7      | Killed from afar by a white imp

Illustrated notes

Levels and vault maps discovered:
D:1:      kilobyte_arrival_exit_the_forest, layout_basic
D:2:      layout_basic, minmay_misc_feat_rugged, minmay_joined_circles
D:3:      layout_loops_cross, mainiacjoe_overflow_tiny_flanked,
          hangedman_decor_slide_cut, hex_medium, minivault_25
D:4:      layout_basic, nicolae_ru_great_annihilating_truth
D:5:      layout_gridville, gammafunk_temple_overflow_forgotten,
          chequers_avenue, uniq_blork_the_orc
D:6:      layout_basic, amcnicky_altar_gilded, cheibrodos_sewer_entry_sluice,
          uniq_menkaure
D:7:      layout_cave_pools, general_overflow_altar, lemuel_tele_altar,
          minmay_temple_entry_butterflies, uniq_pikel

Skill      XL: |  1  2  3  4  5  6  7  8 |
---------------+-------------------------+-----
Axes           | 2 3 4 6 7 |  7.5
Shields        | 4 5 |  5.2
Fighting       | 4 5 |  5.2
Armour         | 4 5 6 |  6.3
Dodging        | 1 2 |  2.0
Stealth        | 1 |  1.6

Action                   |  1- 3 |  4- 6 |  7- 9 || total
-------------------------+-------+-------+-------++-------
Melee: War axe           |   119 |   112 |   276 ||   507
  Use: Scroll            |       |     6 |     1 ||     7
 Stab: Paralysed         |       |     1 |       ||     1
Armor: Scale mail        |    65 |    77 |   169 ||   311
Dodge: Dodged            |    60 |    59 |   150 ||   269
Block: Buckler           |    28 |    36 |    78 ||   142

Table legend: (Time is in decaauts)
 A = Elapsed time spent in this place.
 B = Non-inter-level travel time spent in this place.
 C = Inter-level travel time spent in this place.
 D = Time resting spent in this place.
 E = Time spent auto-exploring this place.
 F = Levels seen in this place.
 G = Mean time per level.
                   A        B        C        D        E       F      G
               +--------+--------+--------+--------+--------+-----+--------+
         Total |   6173 |   6013 |    160 |    520 |   3991 |   8 |  771.6 |
       Dungeon |   6079 |   5919 |    160 |    520 |   3947 |   7 |  868.4 |
         Sewer |     94 |     94 |      0 |      0 |     44 |   1 |   94.0 |
               +--------+--------+--------+--------+--------+-----+--------+

Top non-repeatable levels by time:
     D:5: 1523 daAuts
     D:6: 1226 daAuts
     D:4: 944 daAuts
     D:2: 942 daAuts
     D:1: 785 daAuts
     D:3: 567 daAuts
   Sewer: 94 daAuts
     D:7: 89 daAuts
